 Dungeon Crawl Stone Soup version 0.29.1-1-gd02db69 (webtiles) character file.

Game seed: 11441350697706949489

1014 bonegar the Gusty (level 8, 0/44 HPs)
             Began as a Tengu Air Elementalist on Mar 13, 2023.
             Was a Believer of Dithmenos.
             Slain by a wyvern zombie (10 damage)
             ... in an ossuary.
             The game lasted 00:40:52 (5477 turns).

bonegar the Gusty (Tengu Air Elementalist)          Turns: 5477, Time: 00:40:56

Health: 0/44       AC:  7    Str: 10    XL:     8   Next: 21%
Magic:  11/15      EV: 15    Int: 24    God:    Dithmenos [**....]
Gold:   1          SH:  5    Dex: 27    Spells: 13/16 levels left

rFire   + . .      SeeInvis .   E - +1 scimitar (vamp)
rCold   + . .      Faith    .   (no shield)
rNeg    . . .      Spirit   .   y - +2 ring mail of the Ditch-Digger {Will+ Str+2 Dex+6}
rPois   .          Reflect  +   (helmet restricted)
rElec   .          Harm     .   n - scarf {rC+ rF+}
rCorr   .          Rampage  .   (no gloves)
Will    +....                   (boots unavailable)
Stlth   +++.......              c - amulet of reflection
HPRegen 0.14/turn               C - +6 ring of dexterity
MPRegen 0.14/turn               p - +6 ring of intelligence

@: flying quickly and evasively, wreathed by umbra, invisible, quick
A: beak, talons 3, nimble flight
a: Renounce Religion, Shadow Step


You were in an ossuary.
You worshipped Dithmenos.
Dithmenos was pleased with you.
You visited 1 branch of the dungeon, and saw 5 of its levels.
You also visited: Ossuary.

You collected 229 gold pieces.
You spent 228 gold pieces at shops.

Inventory:

Hand Weapons
 m - a +0 spear
 v - a +0 sling
 z - a +1 dagger of venom
 D - a +1 morningstar of protection
 E - a +1 vampiric scimitar (weapon)
Armour
 a - a +0 robe
 k - a +0 cloak
 n - a scarf of resistance (worn)
 y - the +2 ring mail of the Ditch-Digger (worn) {Will+ Str+2 Dex+6}
   (You found it on level 4 of the Dungeon)

   Str:       It affects your strength (+2).
   Dex:       It affects your dexterity (+6).
   Will:      It increases your willpower.
Jewellery
 c - an amulet of reflection (around neck)
 e - a ring of protection from fire
 g - an amulet of magic regeneration
 p - a +6 ring of intelligence (right hand)
 C - a +6 ring of dexterity (left hand)
 F - a ring of willpower
Scrolls
 h - a scroll of fear {unknown}
 i - 2 scrolls of fog
 o - a scroll of immolation {unknown}
 s - a scroll of vulnerability
 t - a scroll of magic mapping {unknown}
 w - a scroll of teleportation {unknown}
 x - a scroll of silence {unknown}
Potions
 b - a potion of magic
 d - a potion of attraction {unknown}
 f - a potion of cancellation
 j - a potion of heal wounds {unknown}
 q - a potion of flight {unknown}
 r - a potion of lignification {unknown}
 A - a potion of brilliance {unknown}
 B - a potion of degeneration


   Skills:
 + Level 1.7 Fighting
 + Level 2.1(3.4) Short Blades
 + Level 4.1(4.4) Long Blades
 + Level 2.1 Armour
 + Level 3.9 Dodging
 + Level 2.8 Stealth
 + Level 1.2 Shields
 + Level 4.5 Spellcasting
 + Level 3.4 Conjurations
 + Level 0.6 Summonings
 + Level 5.9 Air Magic


You had 13 spell levels left.
You knew the following spells:

 Your Spells              Type           Power      Damage    Failure   Level
a - Shock                 Conj/Air       100%       1d9       3%          1
b - Call Imp              Summ           8%         N/A       26%         2

Your spell library contained the following spells:

 Spells                   Type           Power      Damage    Failure   Level
 Static Discharge         Conj/Air       28%        3-7/arc   4%          2
 Magic Dart               Conj           84%        1d7       6%          1
 Swiftness                Air            34%        N/A       6%          3
 Poisonous Vapours        Pois/Air       38%        N/A       11%         2
 Mephitic Cloud           Conj/Pois/Air  20%        N/A       19%         3
 Airstrike                Air            17%        2d(3-19)  21%         4
 Sting                    Tmut/Pois      20%        1d4       24%         1
 Olgreb's Toxic Radiance  Pois           5%         N/A       93%         4


Dungeon Overview and Level Annotations

Branches:
Dungeon (5/15)            Ossuary (1/1)
 Temple: D:4-7

Altars:
Dithmenos

Shops:
D:2 (

Annotations:
D:3 3 runed translucent doors, satudua34's ghost, amateur FoFi
D:4 3 runed translucent doors, waxwing's ghost, amateur TeSu


Innate Abilities, Weirdness & Mutations

You have a beak for a mouth.
You have claws for feet.
Your magical nature lets you fly swiftly and evasively.


Message History

You slash the mummy!
You destroy the mummy!
Dithmenos accepts your kill.
The wyvern zombie completely misses you.
The wyvern zombie bites you!
Your Long Blades skill increases to level 4!
You slash the wyvern zombie! You claw the wyvern zombie!
You peck the wyvern zombie, but do no damage.
The wyvern zombie is moderately damaged.
The wyvern zombie bites you.
You hit the wyvern zombie.
You claw the wyvern zombie, but do no damage.
You peck the wyvern zombie, but do no damage.
The wyvern zombie is heavily damaged.
The wyvern zombie bites you but does no damage.
The wyvern zombie bites you!
* * * LOW HITPOINT WARNING * * *
It was a potion of curing.
You feel better. You block the wyvern zombie's attack.
It was a potion of invisibility.
You fade into invisibility!
The wyvern zombie barely misses you.
The mummy splashes around in the water.
As you read the scroll of fog, it crumbles to dust.
The scroll dissolves into smoke.
The wyvern zombie barely misses you.
The wyvern zombie completely misses you.
The wyvern zombie closely misses you. The wyvern zombie closely misses you.
The mummy misses you.
You barely miss the mummy. You peck the mummy.
The mummy is lightly damaged.
The mummy hits you but does no damage.
You slash the mummy! You peck the mummy.
You destroy the mummy!
Dithmenos accepts your kill.
You strike the helpless wyvern zombie from behind!
You slash the wyvern zombie!
You claw the wyvern zombie, but do no damage.
You peck the wyvern zombie.
The wyvern zombie is severely damaged.
The wyvern zombie misses you. The wyvern zombie bites you!
You die...

#~#∩..#...# #.#
###~#####.~#~≈
'.' #.~~~.#
'~.P≈#
###.#####~###
#.~~~≈ ...#. #~#
#~~P~≈ ##≈~' #.#
~~##~# #§§§# #~#
~~ #≈
##§§#####.#####~~
#§Z@§~.~.~~..~~..
###§#~≈.~.#'#+#.~
≈§§#.#.#.#.#
##~##~~≈~## ~ ~≈
#≈#≈#≈≈ ## #≈#
##≈####≈ ## # ≈


You could see a wyvern zombie (unable to see you).

Vanquished Creatures
  Edmund (D:5)
  2 phantoms
  2 water moccasin zombies (Ossuary)
  6 centaur zombies (Ossuary)
  A hound (D:4)
  2 iguanas
  An orc wizard (D:4)
  A killer bee zombie (Ossuary)
  11 mummies (Ossuary)
  2 howler monkey zombies (Ossuary)
  6 adders
  2 dart slugs
  4 orcs (D:4)
  10 bats
  7 endoplasms
  4 giant cockroaches
  2 goblins
  8 hobgoblins
  3 jackals (D:2)
  9 kobolds
  3 quokkas
  6 ball pythons
  3 frilled lizards
  6 rats
102 creatures vanquished.

Vanquished Creatures (collateral kills)
  A goblin (D:3)
1 creature vanquished.

Vanquished Creatures (others)
  5 withered plants (Ossuary)
5 creatures vanquished.

Grand Total: 108 creatures vanquished

Notes
Turn   | Place    | Note
-------+----------+-------------------------------------------
     0 | D:1      | bonegar the Tengu Air Elementalist began the quest for the
                  | Orb.
     0 | D:1      | Reached XP level 1. HP: 10/10 MP: 4/4
   392 | D:1      | Reached XP level 2. HP: 13/15 MP: 4/6
  1075 | D:1      | Reached XP level 3. HP: 19/19 MP: 3/7
  1448 | D:2      | Found Pen Mof's Weapon Shoppe.
  1456 | D:2      | Reached skill level 1 in Short Blades
  2234 | D:2      | Reached XP level 4. HP: 24/24 MP: 6/9
  2658 | D:3      | Found a runed translucent gate.
  2864 | D:3      | Found a runed translucent gate.
  2864 | D:3      | Found a runed translucent gate.
  2872 | D:3      | Noticed satudua34's ghost (amateur FoFi)
  3156 | D:3      | Learned a level 2 spell: Call Imp
  3297 | D:3      | Noticed a floating eye
  3299 | D:3      | Found a faded altar of an unknown god.
  3300 | D:3      | Noticed an eye of devastation
  3300 | D:3      | Noticed a shining eye
  3300 | D:3      | Noticed a great orb of eyes
  3305 | D:3      | Prayed at the altar of an unknown god.
  3305 | D:3      | Became a worshipper of Dithmenos the Shadowed
  3305 | D:3      | Reached * piety under Dithmenos
  3796 | D:4      | Reached skill level 5 in Air Magic
  3796 | D:4      | Gained mutation: Your magical nature lets you fly swiftly
                  | and evasively. [Tengu growth]
  3796 | D:4      | Reached XP level 5. HP: 7/28 MP: 8/10
  4070 | D:4      | Identified the +2 ring mail of the Ditch-Digger {Will+
                  | Str+2 Dex+6}
  4240 | D:4      | Found a runed translucent gate.
  4240 | D:4      | Found a runed translucent gate.
  4241 | D:4      | Found a runed translucent gate.
  4243 | D:4      | Noticed waxwing's ghost (amateur TeSu)
  4912 | D:4      | Noticed a phantom
  4921 | D:4      | Killed a phantom
  4922 | D:4      | Reached XP level 6. HP: 33/33 MP: 6/12
  5096 | D:2      | Bought a +1 vampiric scimitar for 228 gold pieces
  5198 | D:5      | Entered Level 5 of the Dungeon
  5198 | D:5      | Noticed Edmund
  5205 | D:5      | Killed Edmund
  5206 | D:5      | Reached skill level 1 in Armour
  5209 | D:5      | Reached skill level 1 in Long Blades
  5209 | D:5      | Reached XP level 7. HP: 32/37 MP: 10/14
  5338 | D:5      | Found a sand-covered staircase.
  5344 | Ossuary  | Entered an ossuary
  5362 | Ossuary  | Reached ** piety under Dithmenos
  5363 | Ossuary  | Reached skill level 1 in Fighting
  5427 | Ossuary  | Reached XP level 8. HP: 28/44 MP: 15/15
  5431 | Ossuary  | Reached skill level 1 in Shields
  5477 | Ossuary  | Slain by a wyvern zombie

Illustrated notes

Levels and vault maps discovered:
D:1:      minmay_arrival_open_corners, layout_loops_cross
D:2:      layout_loops_ring, serial_shops, nicolae_square_shop, minmay_puff
D:3:      layout_basic, hellmonk_ecumenical_altar_watching_god,
          ebering_ghost_rock_garden
D:4:      layout_basic, ebering_ghost_rock_garden
D:5:      layout_basic, enter_ossuary_5, gup_sewer_entry_glass,
          gammafunk_ghost_split, uniq_ijyb, uniq_duvessa, uniq_menkaure,
          uniq_edmund
Ossuary:  ossuary_zaba_flooded

Skill      XL: |  1  2  3  4  5  6  7  8 |
---------------+-------------------------+-----
Short Blades   | 1 2 |  2.1
Conjurations   | 2 3 |  3.4
Spellcasting   | 3 4 |  4.5
Air Magic      | 5 |  5.9
Dodging        | 3 |  3.9
Armour         | 1 2 |  2.1
Long Blades    | 1 3 4 |  4.1
Fighting       | 1 |  1.7
Shields        | 1 |  1.2
Stealth        | |  2.8
Summonings     | |  0.6

Action                   |  1- 3 |  4- 6 |  7- 9 || total
-------------------------+-------+-------+-------++-------
Melee: Dagger            |    53 |    44 |       ||    97
       Peck              |    11 |     5 |    20 ||    36
       Kick              |    13 |    14 |    25 ||    52
       Punch             |     1 |     1 |     1 ||     3
       Scimitar          |       |     6 |    67 ||    73
 Cast: Shock             |    49 |    60 |    21 ||   130
       Call Imp          |       |     3 |       ||     3
  Use: Potion            |       |     1 |     2 ||     3
       Scroll            |       |     3 |     2 ||     5
 Stab: Invisible         |       |       |     1 ||     1
Armor: Robe              |    24 |     3 |       ||    27
       Ring mail         |       |     4 |    24 ||    28
Dodge: Dodged            |    48 |    32 |    51 ||   131
Block: Other             |     5 |     9 |    27 ||    41
       Reflection        |     1 |       |       ||     1
